 Dungeon Crawl Stone Soup version 0.18-a0-1788-g92de1ac (webtiles) character file.

21 M4edhros the Grave Robber (level 2, -3/17 HPs)
             Began as an Octopode Necromancer on Apr 20, 2016.
             Slain by a gnoll
             ... wielding a cursed -3 spear
              (5 damage)
             ... on level 1 of the Dungeon.
             The game lasted 00:01:47 (316 turns).

M4edhros the Grave Robber (Octopode Necromancer)     Turns: 316, Time: 00:01:49

Health: -3/17      AC:  1    Str:  7    XL:     2   Next: 87%
Magic:  0/5        EV: 12    Int: 17    God:
Gold:   18         SH:  0    Dex: 12    Spells: 1 memorised, 4 levels left

rFire  . . .     SeeInvis .       - Unarmed
rCold  . . .     Gourm    .     (no shield)
rNeg   . . .     Faith    .     (helmet restricted)
rPois  .         Spirit   .     (no amulet)
rElec  .         Dismiss  .     (no ring)
rCorr  .         Reflect  .     (no ring)
SustAt .         Harm     .     (no ring)
MR     .....                    (no ring)
Stlth  +++.......               (no ring)
                                (no ring)
                                (no ring)
                                (no ring)

@: not resistant to hostile enchantments, fairly stealthy
A: almost no armour, amphibious, 8 rings, constrict 8, camouflage 1, gelatinous
body 1
a: no special abilities


You were on level 1 of the Dungeon.
You were not hungry.

You visited 1 branch of the dungeon, and saw 2 of its levels.

You collected 18 gold pieces.

Inventory:

Scrolls
 c - 4 scrolls of identify {unknown}
 d - a scroll of immolation {unknown}
 e - 2 scrolls of remove curse {unknown}
 f - a scroll of teleportation {unknown}
Potions
 h - a potion of agility {unknown}
Books
 a - a book of Necromancy

   Spells                             Type                      Level
   a - Pain                           Necromancy                   1
   b - Animate Skeleton               Necromancy                   1
   c - Vampiric Draining              Necromancy                   3
   d - Regeneration                   Charms/Necromancy            3
   e - Animate Dead                   Necromancy                   4
   f - Control Undead                 Necromancy                   4
Comestibles
 b - a bread ration
 g - a meat ration


   Skills:
 - Level 2.0 Dodging
 - Level 2.6 Stealth
 + Level 2.4 Unarmed Combat
 - Level 2.0 Spellcasting
 - Level 4.0 Necromancy


You had 4 spell levels left.
You knew the following spells:

 Your Spells              Type           Power        Failure   Level  Hunger
a - Pain                  Necr           ###.         3%          1    #......


Dungeon Overview and Level Annotations

Branches:
Dungeon (2/15)

Altars:
Yredelemnul


Innate Abilities, Weirdness & Mutations

You cannot wear most types of armour.
You are amphibious.
You can wear up to eight rings at the same time.
You can use your tentacles to constrict eight enemies at once.
Your skin changes colour to match your surroundings (Stealth).
Your rubbery body absorbs attacks (AC +1).


Message History

The gnoll convulses in agony!
Casting: Pain
Confirm with . or Enter, or press ? or * to list all spells.
Aiming: Pain
Press: ? - help, Shift-Dir - straight line, f/p - gnoll
Aim: a gnoll, wielding an enchanted spear (lightly wounded, chance to defeat MR: 80%)
The gnoll convulses in agony!
The gnoll hits you but does no damage.
Casting: Pain
Confirm with . or Enter, or press ? or * to list all spells.
Aiming: Pain
Press: ? - help, Shift-Dir - straight line, f/p - gnoll
Aim: a gnoll, wielding an enchanted spear (heavily wounded, chance to defeat MR: 80%)
The gnoll convulses in agony!
The gnoll barely misses you. The gnoll barely misses you.
You tentacle-slap the gnoll but do no damage.
You grab the gnoll.
The gnoll is heavily wounded.
You constrict the gnoll.
The gnoll hits you with an enchanted spear.
You die...

#.##.# ##########.# #.##.#
##P#P♣....'.# ####.##.####
♣.#P♣..≈≈≈#.#
...g..g....####
♣<....8≈##.#
####.##.##.##.##
♣.#P♣..≈≈≈#.# #
#.##........# ##P#P♣....+.#
#
#.#####.##.##############.#
# #.#####.##.###.# ..# #
#....$......g@.# .. #
#######.######.# ######
#.........#
...g.#####.########..
...........# #..
####.#####.# ### #... ..#
##### ###


You could see a gnoll.

Vanquished Creatures
  A gnoll (D:1)
  A bat (D:1)
  2 giant cockroaches (D:1)
  A goblin (D:1)
  3 hobgoblins
  2 kobolds (D:1)
  A rat (D:1)
11 creatures vanquished.

Notes
Turn   | Place    | Note
--------------------------------------------------------------
     0 | D:1      | M4edhros the Octopode Necromancer began the quest for the Orb.
     0 | D:1      | Reached XP level 1. HP: 11/11 MP: 3/3
    68 | D:1      | Reached skill level 1 in Unarmed Combat
    91 | D:1      | Reached XP level 2. HP: 11/17 MP: 0/5
   173 | D:2      | Found a basalt altar of Yredelemnul.
   316 | D:1      | Slain by a gnoll

Vault maps used:
D:1:      tarquinn_simple_flora_water_d
D:2:      nicolae_overflow_hidden_temple, first_bread, ecumenical_altar_2,
          uniq_sigmund

Skill      XL: |  1  2 |
---------------+-------+-----
Unarmed Combat | 1 2 |  2.4
Dodging        | |  2.0
Stealth        | |  2.6
Spellcasting   | |  2.0
Necromancy     | |  4.0

Action                   || total
-------------------------++-------
Melee: Unarmed           ||     4
       Constrict         ||     2
 Cast: Pain              ||    22
Armor: Skin              ||     5
Dodge: Dodged            ||    12
